Unix NetHack Version 5.0.0-0 post-release - last build May  4 2026 22:22:43 (774f63e81ad911689b3a0859ea89b322d5daca8d,branch:main).

Game began 2026-05-08 12:53:12, ended 2026-05-08 13:07:30.

BilldaCat, neutral male human Wizard

                 -
                 .
                 .
                 .
                 .--
                 ..-
               --...
           --- |....|
           |..--....|
   --      |........----- --
   |.. | ---..........|*|..
    -.........G...........--
     .......................
       -.s................-
       |.........?.....
         -........@G-
         |........h--
         -- --------

BilldaCat the Evoker      St:11 Dx:13 Co:15 In:18 Wi:9 Ch:9  Neutral
Dlvl:7  $:38 HP:0(12) Pw:2(7) AC:9  Xp:1 T:411 

Latest messages:
 Move cursor to a monster, object or location:
 Where do you want to travel to?
 (For instructions type a '?')
 Where do you want to travel to?
 (For instructions type a '?')
 You swap places with your kitten.
 The goblin throws a crude dagger!
 You are hit by a crude dagger.
 In what direction? 4
 The spell hits the goblin!
 You kill the goblin!
 Where do you want to travel to?
 (For instructions type a '?')
 Your kitten eats a goblin corpse.
 The kitten drops a key.
 You hear the splashing of a naiad.
 There is a doorway here.
 You see here a key.
 w - a key.
 What do you want to adjust? [a-w or ?*] w
 Adjust letter to what [w-zA-Z] (? see used letters)? k
 Swapping: k - a key.
 You descend the stairs.
 The kitten misses the yellow mold.
 The kitten staggers...
 The kitten misses the yellow mold.
 The kitten bites the yellow mold.
 The yellow mold is killed!
 You swap places with your kitten.
 You swap places with your kitten.
 You swap places with your kitten.
 You swap places with your kitten.
 You swap places with your kitten.
 You find a hidden passage.
 You find a hidden door.
 The door opens.
 You see here a food ration.
 o - a food ration (3 in total).
 You swap places with your kitten.
 $ - 11 gold pieces (38 in total).
 You descend the stairs.
 You are hit by a dart.
 You are hit by a dart.
 The gnome hits!
 In what direction? 1
 The spell misses the gnome.
 A trap door opens up under you!
 You fall down a deep shaft!
 You die...
 Do you want your possessions identified? [ynq] (y) q

Inventory:
 Coins    ('$')
  $ - 38 gold pieces
 Amulets  ('"')
  t - an uncursed amulet of flying
 Weapons  (')')
  a - a blessed +1 quarterstaff (weapon in hands)
 Armor    ('[')
  b - an uncursed +0 cloak of magic resistance (being worn)
 Comestibles  ('%')
  q - an uncursed beeve
  o - 3 uncursed food rations
  s - an uncursed tripe ration
 Scrolls  ('?')
  w - a blessed scroll of light
  j - an uncursed scroll of light
  i - an uncursed scroll of remove curse
 Spellbooks  ('+')
  l - a blessed spellbook of force bolt
  m - an uncursed spellbook of light
 Potions  ('!')
  g - an uncursed potion of extra healing
  v - an uncursed potion of gain ability
  u - 2 uncursed potions of healing
  h - a blessed potion of invisibility
  p - an uncursed potion of object detection
  f - an uncursed potion of see invisible
 Rings    ('=')
  d - an uncursed ring of free action (on left hand)
  e - an uncursed ring of polymorph
 Wands    ('/')
  c - a wand of digging (0:6)
  r - a wand of secret door detection (0:11)
 Tools    ('(')
  n - a magic marker (0:20)
  k - an uncursed skeleton key

BilldaCat the Wizard's attributes:

Background:
 You were an Evoker, a level 1 male human Wizard.
 You were neutral, on a mission for Thoth
 who was opposed by Ptah (lawful) and Anhur (chaotic).
 You were right-handed.
 You were in the Gnomish Mines, on level 7.
 You entered the dungeon 411 turns ago.
 You had 14 experience points, 6 more were needed to attain level 2.

Basics:
 You had 0 out of 12 hit points.
 You had 2 out of 7 energy points (spell power).
 Your armor class was 9.
 Your wallet contained 38 zorkmids.
 Autopickup was on for '$"?!/=' plus thrown, with exceptions.

Final Characteristics:
 Your strength was 11 (limit:18/100).
 Your dexterity was 13 (limit:18).
 Your constitution was 15 (limit:18).
 Your intelligence was 18 (limit:18).
 Your wisdom was 9 (limit:18).
 Your charisma was 9 (limit:18).

Final Status:
 You weren't hungry.
 You were unencumbered.
 You were wielding a quarterstaff.
 You had basic skill with quarterstaff.

Final Attributes:
 You were stridently aligned.
 You were magic-protected.
 You were warded.
 You had free action.
 You are dead.

Miscellaneous:
 You didn't encounter any bones levels.
 Total elapsed playing time was 14 minutes and 17 seconds.

Major events:
 Turn
    1: BilldaCat the neutral male human Wizard entered the dungeon
  407: entered the Gnomish Mines
  411: killed by falling down a mine shaft

Spells:
 Name                 Level Category     Fail Retention
 force bolt             1   attack         0%  91%-100%
 light                  1   divination     0%  76%-100%

Skills:
 Fighting Skills
   bare handed combat [Unskilled]
   riding             [Unskilled]
 Weapon Skills
   dagger             [Unskilled]
   knife              [Unskilled]
   axe                [Unskilled]
   short sword        [Unskilled]
   club               [Unskilled]
   mace               [Unskilled]
   quarterstaff       [Basic]
   polearms           [Unskilled]
   spear              [Unskilled]
   trident            [Unskilled]
   sling              [Unskilled]
   dart               [Unskilled]
   shuriken           [Unskilled]
 Spellcasting Skills
   attack spells      [Basic]
   healing spells     [Unskilled]
   divination spells  [Unskilled]
   enchantment spells [Basic]
   clerical spells    [Unskilled]
   escape spells      [Unskilled]
   matter spells      [Unskilled]

Voluntary challenges:
 Character rerolling was not enabled.
 You were an atheist.
 You never genocided any monsters.
 You never polymorphed an object.
 You never changed form.
 You used no wishes.
Achievements:
 You entered a shop.
 You entered the Gnomish Mines.

 The Dungeons of Doom: levels 1 to 3
    Level 1:
    Level 2:
       A weapon shop, a fountain.
    Level 3:
       Stairs down to The Gnomish Mines.
 The Gnomish Mines: levels 4 to 7
    Level 4:
    Level 7: <- You were here.
       Final resting place for
          you, killed by falling down a mine shaft.


Vanquished creatures:
  a yellow mold
  3 jackals
  2 goblins
  a grid bug
  2 newts
9 creatures vanquished.

No species were genocided or became extinct.

Game over:
                       ----------
                      /          \
                     /    REST    \
                    /      IN      \
                   /     PEACE      \
                  /                  \
                  |    BilldaCat     |
                  |      38 Au       |
                  |    killed by     |
                  |  falling down a  |
                  |    mine shaft    |
                  |                  |
                  |       2026       |
                 *|     *  *  *      | *
        _________)/\\_//(\/(/\)/\//\/|_)_______

Goodbye BilldaCat the Wizard...

You died in The Gnomish Mines on dungeon level 7 with 401 points,
and 38 pieces of gold, after 411 moves.
You were level 1 with a maximum of 12 hit points when you died.

